 Dungeon Crawl Stone Soup version 0.27-a0-1359-ga2a4dfd6fd (webtiles) character file.

Game seed: 13813131278683505616

35 puppykicker the Chiller (level 3, -3/31 HPs)
             Began as a Naga Ice Elementalist on June 28, 2021.
             Killed by divine providence
             ... invoked by an orc priest
              (14 damage)
             ... on level 3 of the Dungeon.
             The game lasted 00:03:29 (1899 turns).

puppykicker the Chiller (Naga Ice Elementalist)     Turns: 1899, Time: 00:03:30

Health: -3/31      AC:  3    Str: 11    XL:     3   Next: 33%
Magic:  0/6        EV: 10    Int: 15    God:
Gold:   55         SH:  0    Dex: 11    Spells: 5/6 levels left

rFire    . . .     SeeInvis +   a - +0 hand axe
rCold    . . .     Faith    .   (no shield)
rNeg     . . .     Spirit   .   d - +0 robe
rPois    +         Reflect  .   (no helmet)
rElec    .         Harm     .   (no cloak)
rCorr    .         Rampage  .   g - +0 pair of gloves
Will     .....                  (no barding)
Stlth    ++........             (no amulet)
HPRegen  0.10/turn              (no ring)
MPRegen  0.10/turn              (no ring)

@: very slow
A: AC +1, large, see invisible, deformed body, poison resistance, slowness 2,
spit poison 1, naga tail 1
a: Spit Poison


You were on level 3 of the Dungeon.
You visited 1 branch of the dungeon, and saw 3 of its levels.

You collected 55 gold pieces.

Inventory:

Hand Weapons
 a - a +0 hand axe (weapon)
Missiles
 h - 7 poisoned darts (quivered)
Armour
 b - a +0 ring mail
 c - a +0 leather armour
 d - a +0 robe (worn)
 g - a +0 pair of gloves (worn)
Scrolls
 e - a scroll of amnesia {unknown}
 f - a scroll of fog {unknown}
 k - a scroll of identify {unknown}
 l - a scroll of teleportation {unknown}
Potions
 i - a potion of berserk rage {unknown}
 j - a potion of attraction {unknown}


   Skills:
 + Level 1.1 Fighting
 + Level 0.7 Armour
 + Level 1.9 Dodging
 - Level 3.0 Stealth
 + Level 2.3 Spellcasting
 + Level 4.2 Ice Magic


You had 5 spell levels left.
You knew the following spells:

 Your Spells              Type           Power      Damage    Failure   Level
a - Freeze                Ice            56%        1d7       3%          1

Your spell library contained the following spells:

 Spells                   Type           Power      Damage    Failure   Level
 Frozen Ramparts          Ice            28%        1d4       12%         3
 Ozocubu's Armour         Ice            14%        N/A       12%         3
 Hailstorm                Conj/Ice       8%         3d4       65%         4
 Metabolic Englaciation   Hex/Ice        4%         N/A       94%         5


Dungeon Overview and Level Annotations

Branches:
Dungeon (3/15)

Altars:


Innate Abilities, Weirdness & Mutations

Your serpentine skin is tough. (AC +1)
You have supernaturally acute eyesight. (SInv)
Armour fits poorly on your strangely shaped body.
Your system is resistant to poisons. (rPois)
You cover ground very slowly.
You can spit poison.
You have a snake-like lower body.


Message History

You freeze the orc. The orc barely misses you.
You now have 3/6 mp.
Casting: Freeze (safe; 3% risk of failure)
Aiming: Freeze (safe; 3% risk of failure)
Press: ? - help, Shift-Dir - straight line, f/p - orc
Aim: an orc, wielding a +0 falchion (lightly wounded)
You freeze the orc. The orc hits you but does no damage.
The orc priest hits you but does no damage.
The orc hits you with a +0 falchion.
You take 1 damage, and have 26/31 hp.
You now have 2/6 mp.
Casting: Freeze (safe; 3% risk of failure)
Aiming: Freeze (safe; 3% risk of failure)
Press: ? - help, Shift-Dir - straight line, f/p - orc
Aim: an orc, wielding a +0 falchion (moderately wounded)
You freeze the orc!
You kill the orc!
* * * LOW MAGIC WARNING * * *
The orc closely misses you.
The orc priest hits you with a +0 short sword.
You take 1 damage, and have 25/31 hp.
You now have 1/6 mp.
Casting: Freeze (safe; 3% risk of failure)
Aiming: Freeze (safe; 3% risk of failure)
Press: ? - help, Shift-Dir - straight line, f - orc priest
Aim: an orc priest, wielding a +0 short sword (heavily wounded)
You freeze the orc priest.
* * * LOW MAGIC WARNING * * *
The orc barely misses you.
The orc priest invokes the aid of Beogh against you.
Beogh smites you!
* * * LOW HITPOINT WARNING * * *
You take 14 damage, and have 11/31 hp.
MASSIVE DAMAGE!!
You now have 0/6 mp.
You are too injured to fight recklessly!
Unknown command.
You closely miss the orc priest. You barely miss the orc.
The orc closely misses you.
The orc priest mumbles some strange prayers to Beogh against you.
Beogh smites you!
You die...

.......##
##.......#
#.........
##.........
##..........
...........
#.........
#<@)......
#.oo......
#.........
#.........
#.........
##.......#
##.....##
######


You could see an orc priest and an orc.

Levels and vault maps discovered:
D:1:      lemuel_arrival_broad_hall, layout_loops_corners,
          shapermc_ecumenical_altar_totnotflames
D:2:      layout_basic
D:3:      kennysheep_big_flooded_room, layout_rooms, general_overflow_altar,
          ashenzari_altar_1, slow_altar_1, serial_rivers,
          chequers_serial_rivers_small_3, chequers_serial_rivers_room_b,
          chequers_serial_rivers_room_b, chequers_serial_rivers_micro_a,
          chequers_serial_rivers_micro_a, chequers_serial_rivers_room_b,
          uniq_sigmund

Notes
Turn   | Place    | Note
-------+----------+-------------------------------------------
     0 | D:1      | puppykicker the Naga Ice Elementalist began the quest for
                  | the Orb.
     0 | D:1      | Reached XP level 1. HP: 15/15 MP: 3/3
    18 | D:1      | Identified a +0 ring mail
   138 | D:1      | Identified a +0 leather armour
   155 | D:1      | Identified a +0 dagger
   434 | D:1      | Identified a +0 dagger
   487 | D:1      | Reached XP level 2. HP: 20/24 MP: 3/5
   504 | D:1      | Identified a +0 whip
   584 | D:1      | Identified a +0 club
   693 | D:1      | Found a faded altar of an unknown god.
   726 | D:1      | Identified a +0 club
   795 | D:1      | Identified a +0 pair of gloves
   832 | D:1      | Identified a +0 dagger
  1194 | D:2      | Identified a +0 club
  1323 | D:2      | Identified a +0 hand axe
  1347 | D:2      | Reached XP level 3. HP: 27/30 MP: 6/6
  1480 | D:2      | Reached skill level 1 in Fighting
  1890 | D:3      | Identified a +0 falchion
  1890 | D:3      | Identified a +0 dagger
  1890 | D:3      | Identified a +0 short sword
  1899 | D:3      | Killed from afar by an orc priest

Table legend: (Time is in decaauts)
 A = Elapsed time spent in this place.
 B = Non-inter-level travel time spent in this place.
 C = Inter-level travel time spent in this place.
 D = Time resting spent in this place.
 E = Time spent auto-exploring this place.
 F = Levels seen in this place.
 G = Mean time per level.
                   A        B        C        D        E       F      G
               +--------+--------+--------+--------+--------+-----+--------+
         Total |   2524 |   2419 |    105 |    205 |   1906 |   3 |  841.3 |
       Dungeon |   2524 |   2419 |    105 |    205 |   1906 |   3 |  841.3 |
               +--------+--------+--------+--------+--------+-----+--------+

Top non-repeatable levels by time:
     D:1: 1565 daAuts
     D:2: 949 daAuts
     D:3: 9 daAuts

Table legend:
 A = Kills in this place as a percentage of kills in entire the game.
 B = Kills by you in this place as a percentage of kills by you in the entire game.
 C = Kills by friends in this place as a percentage of kills by friends in the entire game.
 D = Other kills in this place as a percentage of other kills in the entire game.
 E = Experience gained in this place as a percentage of experience gained in the entire game.
 F = Experience gained in this place divided by the number of levels of this place that you have seen.
                   A       B       C       D       E      F
               +-------+-------+-------+-------+-------+----------------------
         Total | 100.0 | 100.0 |   N/A |   N/A | 100.0 |  16.7
       Dungeon | 100.0 | 100.0 |   N/A |   N/A | 100.0 |  16.7
               +-------+-------+-------+-------+-------+----------------------

Skill      XL: |  1  2  3 |
---------------+----------+-----
Fighting       | 1 |  1.1
Armour         | |  0.7
Dodging        | |  1.9
Stealth        | |  3.0
Spellcasting   | |  2.3
Ice Magic      | |  4.2

Action                   || total
-------------------------++-------
Melee: Dagger            ||    20
       Unarmed           ||     7
       Whip              ||    11
       Hand axe          ||    15
 Cast: Freeze            ||    31
 Abil: Spit Poison       ||     3
 Stab: Sleeping          ||     3
Armor: Robe              ||    16
Dodge: Dodged            ||    53

Vanquished Creatures
  A dart slug (D:1)
  An orc (D:3)
  5 endoplasms
  A giant cockroach (D:1)
  3 hobgoblins
  4 quokkas (D:2)
  A ball python (D:2)
  2 bats (D:1)
  A frilled lizard (D:1)
  3 goblins
  3 kobolds (D:1)
  4 rats
29 creatures vanquished.
